Map: [ESL] Moondance

Players

Cure

  • Race: Terran Terran
  • League: Master
  • Spawn Location: 12:00

Astrea - Winner!

  • Race: Protoss Protoss
  • League: Master
  • Spawn Location: 6:00

Event: HomeStory Cup XXII

VOD

Have the link to the VOD?

Description

Time

  • Played on: Dec. 16, 2022, 10:51 a.m.
  • Length: 17:11

All games in this series

Show
View Real Time Build Order
Export as new Build Order

Cure Terran 

Build Orders:  

Get SALT Encoding   

  12  0:00  SCV  
  13  0:12  SCV  
  14  0:17  Supply Depot  
  14  0:24  SCV  
  15  0:38  SCV  
  15  0:40  Barracks  
  15  0:42  Refinery  
  16  0:50  SCV  
  16  0:52  Refinery  
  17  1:02  SCV  
  18  1:14  SCV  
  19  1:27  Reaper, Orbital Command  
  19  1:30  Supply Depot  
  20  1:39  Factory  
  20  1:52  SCV  
  21  1:59  Reaper  
  22  2:04  SCV  
  23  2:17  SCV  
  24  2:23  Hellion  
  24  2:26  Command Center  
  26  2:30  SCV  
  26  2:31  Barracks Reactor  
  27  2:39  Starport  
  27  2:42  SCV  
  28  2:47  Supply Depot  
  28  2:50  Factory Tech Lab  
  28  2:55  SCV  
  29  3:07  SCV  
  29  3:08  Marine  
  29  3:09  Cyclone  
  29  3:12  Marine  
  35  3:16  Medivac  
  35  3:19  SCV  
  38  3:26  Marine  
  39  3:37  Orbital Command, Marine  
  39  3:38  SCV  
  41  3:42  Siege Tank  
  41  3:46  Starport Tech Lab  
  44  3:50  Supply Depot, SCV  
  44  3:52  Marine  
  44  3:55  Marine  
  47  4:03  SCV  
  47  4:04  SCV  
  47  4:06  Banshee  
  47  4:09  Refinery  
  52  4:11  Marine  
  52  4:14  Marine  
  54  4:21  SCV x2  
  56  4:25  Siege Tank  
  58  4:32  Marine x2  
  58  4:37  SCV x2  
  60  4:39  Supply Depot  
  60  4:50  Banshee  
  60  4:52  Marine  
  62  4:56  Cloaking Field  
  62  5:00  Marine  
  62  5:01  SCV x2  
  62  5:02  Supply Depot  
  64  5:10  Siege Tank, Marine  
  64  5:13  SCV x2  
  70  5:19  Barracks x2  
  70  5:24  Marine  
  70  5:25  SCV x2  
  70  5:28  Marine  
  73  5:29  Supply Depot  
  73  5:30  Engineering Bay  
  72  5:42  SCV x2  
  74  5:43  Banshee, Marine  
  78  5:50  Marine  
  78  5:54  Supply Depot, SCV x2  
  81  5:58  Siege Tank  
  81  6:03  Marine  
  82  6:06  SCV x2  
  82  6:07  Terran Infantry Weapons Level 1  
  82  6:08  Refinery, Marine  
  85  6:18  SCV x2  
  83  6:20  Marine  
  82  6:26  Banshee, Marine  
  82  6:30  SCV x2, Siege Tank  
  91  6:36  Barracks Tech Lab x2  
  91  6:46  Command Center, Marine  
  88  6:54  Barracks, Marine x2  
  89  6:55  Barracks  
  89  6:56  SCV x2  
  89  6:59  Marauder  
  94  7:06  Stimpack  
  94  7:08  Siege Tank  
  93  7:10  SCV x2  
  93  7:12  Marauder  
  93  7:14  Marine  
  92  7:18  Marine  
  93  7:38  Marine  
  94  7:45  Barracks Reactor, Barracks Tech Lab  
  94  7:47  SCV x2, Marine  
  94  7:50  Supply Depot  
  94  7:51  Supply Depot  
  94  7:56  Factory Reactor  
  94  7:58  Marauder x2  
  98  8:00  SCV x2, Orbital Command  
  98  8:05  Terran Infantry Armor Level 1  
  100  8:06  Marauder, Marine x2  
  100  8:12  SCV x2, Medivac  
  108  8:14  Supply Depot  
  108  8:19  Marauder x2  
  111  8:22  Refinery, Armory  
  111  8:23  Engineering Bay, Marine x2  
  111  8:24  SCV x2  
  111  8:26  Marine x2  
  117  8:27  Marauder  
  117  8:28  Combat Shield  
  117  8:29  Concussive Shells  
  117  8:33  SCV  
  120  8:36  SCV x2  
  120  8:37  Missile Turret  
  122  8:46  Ghost Academy  
  122  8:47  Supply Depot  
  122  8:48  Factory Reactor  
  122  8:52  Medivac x2, Marauder  
  122  8:53  Marauder x2  
  122  8:54  Marine  
  133  9:05  Command Center  
  133  9:07  Missile Turret  
  133  9:09  Marine x3  
  136  9:12  Missile Turret  
  136  9:15  Missile Turret, Terran Infantry Weapons Level 2  
  136  9:17  Missile Turret  
  136  9:21  Marauder x2  
  140  9:25  Marine  
  141  9:39  Supply Depot x2  
  141  9:40  Supply Depot  
  141  9:41  Medivac x2, Marine x2  
  141  9:42  Widow Mine x2, Marauder  
  153  9:47  Marauder x2  
  153  9:49  Enhanced Shockwaves  
  157  9:57  Marine  
  157  9:58  Marine  
  157  9:59  SCV x2, Marine x2  
  148  10:03  Marauder  
  143  10:08  Marauder x2  
  143  10:10  SCV  
  143  10:11  SCV x2  
  147  10:15  Marine  
  147  10:16  Marine  
  147  10:17  Marine x2  
  147  10:18  Planetary Fortress  
  151  10:24  Marauder  
  154  10:28  SCV x3  
  154  10:34  Terran Infantry Armor Level 2  
  154  10:35  Marauder, Marine x2  
  160  10:36  Marauder  
  160  10:41  Widow Mine x2  
  166  10:44  Medivac x2  
  166  10:46  SCV, Marauder  
  166  10:48  SCV  
  174  10:59  Barracks  
  174  11:03  Barracks x2  
  174  11:04  SCV x2  
  174  11:05  SCV  
  175  11:14  Ghost x3  
  175  11:15  Marine x3  
  183  11:32  Missile Turret  
  182  11:36  Marine x2  
  182  11:37  Marine x2  
  184  11:42  Ghost  
  184  11:43  Command Center  
  184  11:44  Widow Mine x2  
  186  11:49  Missile Turret  
  186  11:52  Missile Turret  
  186  11:53  Missile Turret  
  186  11:54  Barracks Tech Lab, Marauder x2, Marine x2  
  190  11:55  Barracks Tech Lab  
  190  11:57  Barracks Reactor, Ghost  
  190  11:58  Marine x2  
  196  12:04  Refinery x2  
  196  12:10  Terran Infantry Weapons Level 3  
  196  12:12  Terran Ship Weapons Level 1  
  196  12:16  Marine x2  
  196  12:41  Command Center  
  196  12:42  Marine  
  196  12:50  Marine x3  
  195  12:54  Marine  
  195  12:55  Marauder x2  
  200  13:10  Ghost  
  200  13:11  Marauder x2  
  199  13:13  Marine  
  199  13:16  Terran Infantry Armor Level 3  
  200  13:27  Missile Turret  
  200  13:29  Sensor Tower  
  200  13:32  Command Center  
  193  13:39  Missile Turret, Planetary Fortress  
  193  13:44  Sensor Tower  
  193  13:47  Missile Turret  
  193  13:48  Fusion Core  
  193  13:49  Starport  
  193  13:53  Refinery  
  193  13:54  Refinery  
  193  13:56  Command Center  
  193  13:57  Orbital Command  
  193  14:00  Command Center  
  189  14:13  Medivac x2  
  191  14:27  Liberator x2  
  191  14:30  Command Center  
  197  14:40  Command Center, Ghost x2  
  197  14:41  Marauder, Marine x4  
  197  14:43  Liberator x2  
  187  14:46  Marine  
  187  14:52  Marauder, Marine x2  
  182  14:59  Marine x2  
  176  15:03  Marauder  
  178  15:10  Liberator  
  174  15:22  Marauder x2, Marine x4  
  174  15:27  Liberator x3  
  181  15:33  SCV x3  
  174  15:44  Orbital Command  
  174  15:46  Missile Turret  
  174  15:48  SCV x2  
  173  15:59  Sensor Tower, Orbital Command  
  173  16:03  Liberator  
  176  16:07  Orbital Command  
  162  16:30  Marine x2, Ghost x2  
  162  16:31  Marauder  
  156  16:37  Ghost  
  156  16:38  Marauder, Marine x4  
  147  16:48  Marine  
  147  16:49  Marine  
Show
View Real Time Build Order
Export as new Build Order

Astrea Protoss - Winner!

Build Orders: 1 Gate Expand 

Get SALT Encoding   

  12  0:00  Probe  
  13  0:12  Probe  
  14  0:16  Pylon  
  14  0:24  Probe (Chrono Boost)  
  16  0:36  Gateway, Probe (Chrono Boost)  
  16  0:42  Probe (Chrono Boost)  
  16  0:45  Assimilator  
  17  0:51  Probe  
  18  1:03  Probe  
  19  1:15  Probe  
  20  1:22  Cybernetics Core  
  20  1:32  Nexus  
  20  1:34  Probe  
  21  1:40  Pylon  
  21  1:46  Probe  
  22  1:56  Adept (Chrono Boost)  
  22  1:58  Warp Gate, Probe  
  25  2:11  Probe  
  26  2:18  Stalker  
  28  2:23  Probe  
  29  2:35  Probe  
  30  2:42  Nexus  
  30  2:44  Probe  
  31  2:47  Probe (Chrono Boost)  
  31  2:48  Stalker (Chrono Boost)  
  34  2:56  Probe (Chrono Boost)  
  35  3:05  Probe (Chrono Boost)  
  37  3:07  Probe (Chrono Boost)  
  37  3:08  Gateway  
  37  3:11  Probe (Chrono Boost)  
  37  3:12  Probe (Chrono Boost)  
  38  3:16  Robotics Facility  
  39  3:22  Probe  
  39  3:23  Probe  
  41  3:29  Assimilator, Pylon  
  41  3:34  Probe (Chrono Boost)  
  41  3:35  Shield Battery  
  41  3:40  Probe (Chrono Boost)  
  43  3:43  Assimilator  
  43  3:45  Probe (Chrono Boost)  
  43  3:46  Stalker  
  47  3:50  Probe (Chrono Boost)  
  47  3:51  Probe (Chrono Boost)  
  47  3:55  Assimilator  
  48  3:56  Probe (Chrono Boost)  
  48  4:02  Stalker  
  53  4:05  Probe (Chrono Boost)  
  53  4:06  Probe x2 (Chrono Boost)  
  55  4:10  Observer (Chrono Boost)  
  55  4:11  Probe (Chrono Boost)  
  55  4:12  Probe  
  55  4:13  Probe, Assimilator  
  58  4:20  Stalker  
  58  4:22  Pylon  
  58  4:24  Probe  
  61  4:25  Pylon  
  61  4:32  Probe  
  61  4:36  Probe  
  61  4:40  Probe  
  61  4:44  Probe  
  61  4:48  Probe, Stalker  
  61  4:51  Cybernetics Core  
  61  4:52  Probe  
  65  4:53  Robotics Bay  
  65  4:56  Probe  
  65  4:59  Immortal (Chrono Boost)  
  70  5:00  Probe  
  69  5:08  Probe  
  69  5:12  Probe, Pylon  
  69  5:13  Probe  
  70  5:17  Pylon  
  70  5:22  Probe  
  70  5:26  Gateway  
  70  5:28  Observer, Gateway  
  71  5:30  Stalker  
  71  5:34  Probe x2  
  75  5:36  Probe  
  75  5:40  Disruptor (Chrono Boost)  
  77  5:52  Pylon  
  77  5:55  Probe, Gateway  
  77  5:58  Gateway  
  77  5:59  Probe x2  
  79  6:07  Probe  
  79  6:08  Shield Battery  
  79  6:11  Probe  
  87  6:15  Observer  
  85  6:23  Probe  
  85  6:24  Observer  
  86  6:28  Robotics Facility  
  86  6:29  Twilight Council  
  80  6:32  Gateway  
  80  6:33  Stalker x2  
  83  6:44  Probe  
  83  6:51  Probe  
  83  6:55  Stalker x2  
  83  6:59  Stalker x2  
  89  7:07  Probe  
  89  7:08  Charge (Chrono Boost)  
  90  7:13  Disruptor (Chrono Boost)  
  87  7:20  Zealot x2, Robotics Facility  
  87  7:22  Zealot x2, Gateway  
  97  7:23  Shield Battery, Gateway  
  94  7:30  Shield Battery, Probe x2, Pylon  
  94  7:31  Shield Battery  
  94  7:32  Probe  
  94  7:38  Colossus (Chrono Boost)  
  94  7:42  Probe x2  
  101  7:44  Probe  
  101  7:50  Zealot x4  
  109  7:56  Pylon  
  109  7:57  Pylon  
  109  8:09  Probe  
  109  8:10  Probe  
  109  8:12  Probe  
  109  8:18  Probe  
  109  8:19  Probe  
  109  8:20  Extended Thermal Lance (Chrono Boost), Probe  
  109  8:26  Probe  
  118  8:27  Observer (Chrono Boost)  
  118  8:28  Colossus (Chrono Boost)  
  118  8:34  Dark Shrine, Blink  
  120  8:40  Shield Battery  
  120  8:42  Nexus  
  120  8:48  Observer  
  120  8:49  Warp Prism (Chrono Boost)  
  120  8:53  Pylon  
  122  9:10  Observer, Probe x2  
  122  9:11  Probe  
  122  9:14  Forge  
  125  9:17  Forge  
  125  9:18  Disruptor  
  125  9:20  Disruptor  
  125  9:22  Probe  
  132  9:29  Pylon x2  
  132  9:31  Pylon  
  132  9:33  Pylon  
  132  9:35  Probe  
  133  9:42  Shield Battery  
  133  9:46  Disruptor, Protoss Ground Weapons Level 1 (Chrono Boost)  
  133  9:47  Probe x2  
  133  9:48  Protoss Ground Armor Level 1 (Chrono Boost)  
  133  9:52  Shadow Stride  
  135  9:56  Disruptor (Chrono Boost)  
  137  10:02  Zealot x5  
  137  10:05  Probe  
  144  10:19  Pylon  
  144  10:25  Nexus  
  146  10:28  Observer  
  146  10:29  Photon Cannon  
  146  10:30  Gravitic Drive  
  146  10:31  Warp Prism (Chrono Boost)  
  146  10:36  Dark Templar x4  
  146  10:41  Probe x4  
  158  10:48  Photon Cannon  
  158  10:50  Shield Battery  
  158  10:53  Observer, Probe  
  158  10:55  Probe  
  160  10:57  Probe  
  160  10:58  Probe  
  160  11:01  Observer  
  163  11:05  Probe  
  164  11:12  Pylon  
  164  11:16  Zealot x7  
  164  11:34  Protoss Ground Armor Level 2 (Chrono Boost), Protoss Ground Weapons Level 2 (Chrono Boost)  
  160  11:44  Stalker  
  160  11:45  Stalker x6  
  174  11:47  Disruptor (Chrono Boost)  
  174  11:51  Probe x3  
  183  11:55  Nexus  
  183  11:56  Disruptor (Chrono Boost), Pylon  
  183  11:57  Probe  
  184  12:07  Probe  
  181  12:11  Stalker x5, Pylon  
  181  12:12  Stalker x2  
  195  12:27  Disruptor (Chrono Boost)  
  196  12:32  Observer  
  195  12:40  Zealot x2  
  190  13:01  Gateway  
  190  13:04  Photon Cannon, Gateway  
  190  13:05  Gateway x2  
  190  13:06  Gateway x2  
  190  13:07  Photon Cannon  
  190  13:10  Gateway  
  190  13:11  Zealot x5  
  200  13:14  Observer  
  196  13:21  Photon Cannon  
  196  13:23  Photon Cannon  
  196  13:25  Shield Battery  
  196  13:26  Assimilator x2  
  196  13:29  Photon Cannon  
  196  13:30  Pylon  
  194  13:38  Dark Templar x3  
  200  13:43  Gateway x2  
  200  13:46  Gateway  
  200  13:47  Protoss Ground Weapons Level 3 (Chrono Boost), Protoss Ground Armor Level 3 (Chrono Boost)  
  198  13:56  Nexus, Observer (Chrono Boost)  
  198  13:57  Gravitic Boosters  
  198  14:02  Observer (Chrono Boost)  
  198  14:22  Observer x2  
  196  14:57  Dark Templar x3  
  196  14:58  Dark Templar  
  190  15:09  Disruptor x2  
  152  15:34  Zealot x7  
  152  15:35  Zealot x10  
  183  15:44  Disruptor x2  
  183  15:45  Probe x5  
  183  15:47  Probe  
  183  15:49  Robotics Facility  
  193  15:53  Gateway  
  193  15:54  Gateway  
  193  15:58  Dark Templar x3  
  193  16:00  Assimilator  
  193  16:01  Assimilator  
  196  16:19  Dark Templar x2  
  178  16:38  Stalker x11  
  164  16:58  Stalker x8  
  154  17:10  Stalker x7  
Tags
 
Add a new tag
Caveats
  • Supply blocks, unpowered buildings, or Contaminate may cause inaccurate times.
  • Supply counts are checked every 10 seconds.